Match 45306325
Unlisted
Match 45306325
End
Panzergrenadier Squad
Panzergrenadier Squad
Construct Light Support Kompanie
MG34 Team
2.5-tonne Medical Truck
Fire Support Elements
le.IG 18 Mechanized Group
Panzerjäger Squad
Flakvierling Half-track
Veteran Squad Leaders
Selects Panzerjäger Kommand Battlegroup
Selects Mine Fields
Selects Early Warning
Early Warning
Construct Mechanized Kompanie
Construct Panzerarmee Kommand
Selects Tank Busters
Early Warning
Panzerjäger Squad
Walking Stuka Rocket Launcher
Emergency Repair Kits
Early Warning
Armored Reserves
StuG Assault Group
Early Warning
Selects Crew Shock Tactics
Selects Anti-tank Overwatch
Anti-tank Overwatch
Flakvierling Half-track
Flakvierling Half-track
2.5-tonne Medical Truck
Lomex
Citruswoody
Abeli
Pocket
Nozshand
2114751070
chenccc
毛主席的红小将
0
0
Comments sign in to comment!
No comments posted yet!